 Dungeon Crawl Stone Soup version 0.19-a0-1127-gac58878 (webtiles) character file.

7 Gorice the Sneak (level 2, 0/15 HPs)
             Began as a Kobold Enchanter on Aug 11, 2016.
             Slain by a rat (2 damage)
             ... on level 1 of the Dungeon on Aug 12, 2016.
             The game lasted 00:03:31 (511 turns).

Gorice the Sneak (Kobold Enchanter)                  Turns: 511, Time: 00:03:32

Health: 0/15       AC:  3    Str:  5 (6)  XL:     2   Next: 10%
Magic:  1/5        EV: 15    Int: 11 (13) God:
Gold:   13         SH:  0    Dex: 15 (16) Spells: 1 memorised, 4 levels left

rFire  + . .     SeeInvis .     a - +1 dagger
rCold  + . .     Gourm    .     b - +1 robe
rNeg   . . .     Faith    .     (shield restricted)
rPois  +         Spirit   .     (no helmet)
rElec  +         Dismiss  .     (no cloak)
rCorr  +         Reflect  .     (no gloves)
SustAt .         Harm     .     (no boots)
MR     .....                    (no amulet)
Stlth  +++.......               (no ring)
                                (no ring)

@: resistant, very slightly contaminated
A: carnivore 3
a: no special abilities


You were on level 1 of the Dungeon.
You were full.

You visited 1 branch of the dungeon, and saw 2 of its levels.

You collected 13 gold pieces.

Inventory:

Hand Weapons
 a - a +1 dagger (weapon)
Armour
 b - a +1 robe (worn)
Scrolls
 f - a scroll of remove curse {unknown}
Books
 c - a book of Maledictions
Comestibles
 d - a meat ration {!e}


   Skills:
 * Level 2.4 Short Blades
 - Level 2.4 Dodging
 - Level 4.0 Stealth
 - Level 2.0 Spellcasting
 + Level 3.1 Hexes


You had 4 spell levels left.
You knew the following spells:

 Your Spells              Type           Power        Failure   Level  Hunger
a - Corona                Hex            #......      10%         1    ##.....


Dungeon Overview and Level Annotations

Branches:
Dungeon (2/15)

Altars:


Innate Abilities, Weirdness & Mutations

You are small and have problems with some larger weapons.
You are carnivorous and can eat meat at any time.


Message History

Casting: Corona
Confirm with . or Enter, or press ? or * to list all spells.
Aiming: Corona
Press: ? - help, Shift-Dir - straight line, f/p - hobgoblin
Aim: a hobgoblin, wielding a club (severely wounded, chance to defeat MR: 81%)
The hobgoblin is outlined in light.
The giant cockroach bites you.
* * * LOW HITPOINT WARNING * * *
Damage: 2 (max 2)
You hit the hobgoblin but do no damage.
The hobgoblin is severely wounded.
The giant cockroach barely misses you. The hobgoblin closely misses you.
You hit the hobgoblin but do no damage.
The hobgoblin is severely wounded.
The giant cockroach closely misses you. The hobgoblin hits you with a club.
* * * LOW HITPOINT WARNING * * *
Damage: 2 (max 2)
You hit the hobgoblin but do no damage.
The hobgoblin is severely wounded.
The giant cockroach barely misses you. The hobgoblin closely misses you.
The giant cockroach misses you.
You hit the hobgoblin but do no damage.
The hobgoblin is severely wounded.
The hobgoblin hits you but does no damage.
The giant cockroach bites you but does no damage.
You barely miss the hobgoblin.
The hobgoblin is severely wounded.
The giant cockroach completely misses you.
The hobgoblin barely misses you.
You hit the hobgoblin.
You kill the hobgoblin!
The giant cockroach bites you.
* * * LOW HITPOINT WARNING * * *
Damage: 1 (max 2) It was a potion of degeneration.
There was something very wrong with that liquid.
You feel weakened.
You feel dopey.
You feel clumsy.
The giant cockroach completely misses you.
The rat barely misses you.
It was a potion of resistance.
You feel protected.
The giant cockroach completely misses you.
The rat closely misses you.
Casting: Corona
Confirm with . or Enter, or press ? or * to list all spells.
Aiming: Corona
Press: ? - help, Shift-Dir - straight line, f - giant cockroach
Aim: a giant cockroach (clinging, chance to defeat MR: 80%)
The giant cockroach is outlined in light.
The giant cockroach closely misses you. The rat bites you.
You die...

#........'+''++.##
#.#.....
#.#....#........#
#.##..!#
#%#....###....###
#>##...# #?##.#.#
###### #.##...#####
.....# #.##.b......
......#
#########......#####
....?.
K.............##
###########.#..###
#....s@rb..........
#.#########...#####
#. #...# #s #...r.
#. ........ #K
....#### .. ..b.. ..
..b..


You could see a giant cockroach, a bat and a rat.

Vanquished Creatures
  A worm (D:2)
  A hobgoblin (D:1)
  A giant newt (D:2)
  A kobold (D:2)
  2 rats (D:2)
6 creatures vanquished.

Notes
Turn   | Place    | Note
-------+----------+-------------------------------------------
     0 | D:1      | Gorice the Kobold Enchanter began the quest for the Orb.
     0 | D:1      | Reached XP level 1. HP: 10/10 MP: 3/3
    23 | D:1      | HP: 1/10 [hobgoblin/club (4)]
   333 | D:2      | Upgraded the game from 0.19-a0-1111-gcceb26a to 0.19-a0-1127-gac58878
   352 | D:2      | Reached skill level 2 in Short Blades
   449 | D:2      | Reached XP level 2. HP: 6/15 MP: 0/5
   504 | D:1      | HP: 3/15 [hobgoblin/club (2)]
   511 | D:1      | Slain by a rat

Vault maps used:
D:1:      lightli_arrival_maybe_door_vault
D:2:      tgw_xom, old_standard_altar, first_bread, uniq_crazy_yiuf_cottage

Skill      XL: |  1 |
---------------+----+-----
Short Blades   | 2 |  2.4
Dodging        | |  2.4
Stealth        | |  4.0
Spellcasting   | |  2.0
Hexes          | |  3.1

Action                   || total
-------------------------++-------
Melee: Dagger            ||    30
 Cast: Corona            ||     9
  Use: Potion            ||     2
 Stab: Sleeping          ||     1
  Eat: Chunk             ||     3
Armor: Robe              ||    10
Dodge: Dodged            ||    44

Table legend:
 A = Turns spent in this place as a percentage of turns spent in the entire game.
 B = Non-inter-level travel turns spent in this place as a percentage of non-inter-level travel turns spent in the entire game.
 C = Inter-level travel turns spent in this place as a percentage of turns spent in this place.
 D = Turns resting spent in this place as a percentage of non-inter-level travel turns spent in this place.
 E = Turns spent auto-exploring this place as a percentage of non-inter-level travel turns spent in this place.
 F = Non-inter-level travel turns spent in this place divided by the number of levels of this place that you've seen.
                   A       B       C       D       E      F
               +-------+-------+-------+-------+-------+----------------------
         Total | 100.0 | 100.0 |   0.0 |   5.1 |   0.0 | 117.5
       Dungeon | 100.0 | 100.0 |   0.0 |   5.1 |   0.0 | 117.5
               +-------+-------+-------+-------+-------+----------------------

Vault maps used:
D:1:      lightli_arrival_maybe_door_vault
D:2:      tgw_xom, old_standard_altar, first_bread, uniq_crazy_yiuf_cottage
